AoeStats
← [NICE_ASS] BigMasi

Four Lakes

507146581Analyzed
1v1 RM · 16d ago on Sep 16, 2026· 59m 48s· 2 players
Game mode
Random Map
Map size
Tiny (2 player)
Population
200
Speed
Normal
Resources
Standard
Victory
Conquest
Starting age
Dark Age
Ending age
Imperial Age
RankedLock teamsTeams togetherTeam positionsShared explorationLock speedFull tech treeHidden civsTurbo modeCheats
Victory
Defeat
🇨🇭 Vikings · Switzerland
1243
+16
🇲🇽 Mapuche · Mexico
1243
-16
[NICE_ASS] BigMasi
3:35 Loom
8:59 Loom
10:53 Feudal Age
13:42 Double-Bit Axe
16:14 Fishing Lines
18:48 Castle Age
19:02 Scale Barding Armor
19:07 Forging
20:48 Chain Barding Armor
21:15 Bow Saw
22:53 Gold Mining
25:00 Horse Collar
28:20 Iron Casting
29:59 Gold Shaft Mining
39:11 Imperial Age
37:16 Devotion
38:36 Stone Mining
42:16 Scale Mail Armor
43:16 Blast Furnace
43:04 Squires
42:49 Arson
42:53 Gambesons
42:28 Man-at-Arms
45:09 Conscription
44:17 Elite Skirmisher
44:48 Fletching
44:59 Padded Archer Armor
46:55 Bodkin Arrow
47:15 Leather Archer Armor
48:04 Ballistics
48:56 Bracer
49:25 Long Swordsman
50:10 Town Watch
51:42 Chain Mail Armor
51:57 Ring Archer Armor
51:36 Two-Handed Swordsman
53:30 Ring Archer Armor
53:33 Plate Mail Armor
52:57 Pikeman
54:55 Chemistry
54:55 Conscription
55:04 Capped Ram
56:44 Gold Shaft Mining
57:16 Two-Man Saw
56:18 Heavy Plow
57:50 Chieftains
59:47 Ring Archer Armor
59:13 Siege Ram
59:41 Champion
ALV-Compa Robemmanml
12:08 Loom
14:08 Feudal Age
15:00 Double-Bit Axe
14:45 Champi Runner
15:14 Arson
15:26 Gold Mining
16:43 Scale Mail Armor
16:47 Fletching
23:52 Wheelbarrow
24:08 Forging
27:19 Castle Age
25:18 Horse Collar
26:20 Stone Mining
27:34 Pikeman
27:39 Crossbowman
29:37 Bow Saw
41:37 Imperial Age
42:32 Bodkin Arrow
43:17 Capped Ram
45:33 Champi Warrior
48:48 Hand Cart
49:39 Chain Mail Armor
49:34 Elite Skirmisher
50:18 Heavy Plow
50:38 Fishing Lines
53:26 Crop Rotation
52:21 Elite Champi Warrior
53:42 Iron Casting
53:38 Plate Mail Armor
55:26 Conscription
55:56 Conscription
57:24 Blast Furnace
58:37 Padded Archer Armor
58:00 Elite Skirmisher
59:32 Elite Bolas Rider
Connection lost

Rejoining the realm…

Still unreachable

The connection could not be restored.

Session expired

The server has moved on; the page needs a fresh start.